 Dungeon Crawl Stone Soup version 0.31-a0-1237-gabc64e778c (webtiles) character file.

Game seed: 8486558222198699152

87 gelatine the Shield-Bearer (level 4, -1/35 HPs)
             Began as a Demonspawn Fighter on Dec 15, 2023.
             Slain by an orc priest
             ... wielding a +0 trident
              (2 damage)
             ... on level 3 of the Dungeon.
             The game lasted 00:02:53 (1709 turns).

gelatine the Shield-Bearer (Demonspawn Fighter)     Turns: 1709, Time: 00:02:53

Health: -1/35      AC:  8    Str: 18    XL:     4   Next: 28%
Magic:  4/4        EV:  9    Int:  9    God:
Gold:   101        SH:  4    Dex: 12    Spells: 3/3 levels left

rFire   . . .        a - +0 war axe
rCold   . . .        c - +0 buckler
rNeg    . . .        b - +0 scale mail
rPois   .            (no helmet)
rElec   .            (no cloak)
rCorr   .            (no gloves)
SInv    .            (no boots)
Will    .....        (no amulet) Stlth
                     (no ring)
HPRegen 0.25/turn    (no ring)
MPRegen 0.09/turn

%: no passive effects
@: mighty
A: icy blue scales 1, powered by pain 1, demonic touch 1
a: no special abilities


You were on level 3 of the Dungeon.
You visited 1 branch of the dungeon, and saw 3 of its levels.

You collected 101 gold pieces.

Inventory:

Hand Weapons
 a - a +0 war axe (weapon)
Missiles
 j - 6 javelins
Armour
 b - a +0 scale mail (worn)
 c - a +0 buckler (worn)
Jewellery
 p - a ring of positive energy
Wands
 n - a wand of roots (7)
Scrolls
 e - 2 scrolls of identify {unknown}
 f - 2 scrolls of enchant armour {unknown}
 g - a scroll of fog {unknown}
 l - a scroll of teleportation {unknown}
 m - a scroll of revelation {unknown}
Potions
 d - a potion of might
 h - a potion of haste {unknown}
 i - a potion of magic {unknown}
 k - 2 potions of invisibility {unknown}
 o - a potion of heal wounds {unknown}


   Skills:
 * Level 3.3 Fighting
 + Level 2.7 Axes
 * Level 3.2 Armour
 * Level 0.4 Dodging
 * Level 3.3 Shields


You had 3 spell levels left.
You didn't know any spells.
Your spell library was empty.

Dungeon Overview and Level Annotations

Branches:
Dungeon (3/15)

Altars:
Wu Jian


Innate Abilities, Weirdness & Mutations

You are partially covered in icy blue scales. (AC +2)
You sometimes gain a little power by taking damage.
Your touch may inflict minor irresistible damage on your foes.


Message History

You closely miss the orc wizard. The bat hits you but does no damage. x2
The orc priest hits you but does no damage.
The orc wizard gestures at you while chanting.
The magic dart hits you. The bat barely misses you.
Unknown command.
You barely miss the orc priest. You hit the orc wizard. You hit the bat.
You kill the bat!
The orc priest calls upon Beogh to heal the orc wizard.
The orc wizard's wounds heal themselves!
You block the orc wizard's attack.
Unknown command.
You hit the orc priest but do no damage.
You closely miss the orc wizard.
The orc wizard gestures wildly while chanting.
The orc wizard flickers and vanishes!
Deactivating autopickup; reactivate with Ctrl-A.
The orc priest barely misses you. The orc wizard misses you.
You block the orc wizard's attack.
The orc priest hits you but does no damage.
You hit the orc priest.
The orc priest is lightly wounded.
You hit the orc wizard. You block the orc priest's attack.
The orc wizard gestures wildly while chanting.
The orc wizard flickers and vanishes!
Unknown command.
You hit the orc priest.
The orc priest is moderately wounded.
You miss something.
The orc priest hits you but does no damage.
You hear some strange, mumbled words.
A puff of flame appears from out of thin air!
The puff of flame hits you!
* * * LOW HITPOINT WARNING * * *
Something hits you.
* * * LOW HITPOINT WARNING * * *
The orc priest hits you with a +0 trident.
* * * LOW HITPOINT WARNING * * *
You feel very mighty all of a sudden.
The orc priest hits you with a +0 trident.
You die...

#......<#......##
#.##[#..#......## ###
#.##....#.......# ...
#.##.#.##.......# #..
#......##......<#
#..#
#................
#..##.###.###.[....##
#.{o{.###.# .... #
#.##@†.# #######
###.# #... ... #...
..## #######... .##
#......... ..
###......... #.
........<... .
#.........
##.........


You could see an orc priest.

Vanquished Creatures
  3 adders (D:2)
  2 worms (D:2)
  A dart slug (D:1)
  5 endoplasms
  3 giant cockroaches (D:2)
  A goblin (D:2)
  A hobgoblin (D:2)
  5 jackals
  8 kobolds
  3 quokkas
  5 ball pythons
  7 bats
  3 frilled lizards (D:2)
  2 rats
49 creatures vanquished.

Notes
Turn   | Place    | Note
-------+----------+-------------------------------------------
     0 | D:1      | gelatine the Demonspawn Fighter began the quest for the
                  | Orb.
     0 | D:1      | Reached XP level 1. HP: 18/18 MP: 1/1
   246 | D:1      | Gained mutation: You are partially covered in icy blue
                  | scales. (AC +2) [demonic ancestry]
   246 | D:1      | Reached XP level 2. HP: 24/24 MP: 2/2
   676 | D:2      | Gained mutation: You sometimes gain a little power by
                  | taking damage. [demonic ancestry]
   676 | D:2      | Reached XP level 3. HP: 17/29 MP: 3/3
  1175 | D:2      | Found an ornate altar of the Wu Jian Council.
  1349 | D:2      | Gained mutation: Your touch may inflict minor irresistible
                  | damage on your foes. [demonic ancestry]
  1349 | D:2      | Reached XP level 4. HP: 33/35 MP: 4/4
  1708 | D:3      | HP: 1/35 [orc priest/+0 trident (3)]
  1709 | D:3      | Slain by an orc priest

Illustrated notes

Levels and vault maps discovered:
D:1:      roderic_octagonal_star, layout_loops_ring
D:2:      layout_basic, basic_altar, kennysheep_boxes
D:3:      layout_basic, hellmonk_overflow_destroyed_library

Skill      XL: |  1  2  3 |
---------------+----------+-----
Shields        | 3 |  3.3
Axes           | 2 |  2.7
Armour         | 3 |  3.2
Fighting       | |  3.3
Dodging        | |  0.4

Action                     |  1- 3 |  4- 6 || total
---------------------------+-------+-------++-------
  Melee: War axe           |   111 |    38 ||   149
    Use: Potion            |       |     1 ||     1
 Armour: Scale mail        |   101 |    45 ||   146
  Dodge: Dodged            |    74 |    20 ||    94
  Block: Buckler           |    30 |    17 ||    47

Table legend: (Time is in decaauts)
 A = Elapsed time spent in this place.
 B = Non-inter-level travel time spent in this place.
 C = Inter-level travel time spent in this place.
 D = Time resting spent in this place.
 E = Time spent auto-exploring this place.
 F = Levels seen in this place.
 G = Mean time per level.
                   A        B        C        D        E       F      G
               +--------+--------+--------+--------+--------+-----+--------+
         Total |   1772 |   1719 |     53 |      0 |   1244 |   3 |  590.7 |
       Dungeon |   1772 |   1719 |     53 |      0 |   1244 |   3 |  590.7 |
               +--------+--------+--------+--------+--------+-----+--------+

Top non-repeatable levels by time:
     D:2: 958 daAuts
     D:1: 675 daAuts
     D:3: 139 daAuts
